 Dungeon Crawl Stone Soup version 0.30.0-20-g3615ddf2f0 (webtiles) character file.

Game seed: 16139455884145213621

286 qw the Chopper (level 6, -4/38 HPs)
             Began as a Gargoyle Fighter on May 27, 2023.
             Slain by a gnoll bouda
             ... wielding a +0 club
              (9 damage)
             ... on level 4 of the Dungeon.
             The game lasted 00:01:51 (2781 turns).

qw the Chopper (Gargoyle Fighter)                   Turns: 2781, Time: 00:01:51

Health: -4/38      AC: 15    Str: 21    XL:     6   Next: 30%
Magic:  0/6        EV:  9    Int:  9    God:
Gold:   183        SH:  4    Dex:  9    Spells: 5/5 levels left

rFire   . . .        Y - +0 war axe
rCold   . . .        c - +0 buckler
rNeg    + . .        b - +0 scale mail
rPois   inf          k - +0 helmet
rElec   +            j - +0 cloak
rCorr   .            m - +0 pair of gloves
SInv    .            f - +0 pair of boots
Will    .....        o - amulet of guardian spirit Stlth
                     (no ring)
HPRegen 0.26/turn    (no ring)
MPRegen 0.10/turn

%: guardian spirit
@: no status effects
A: sickness immunity, AC +4, negative energy resistance 1, electricity
resistance, torment resistance 1, petrification resistance
a: no special abilities


You were on level 4 of the Dungeon.
You visited 1 branch of the dungeon, and saw 4 of its levels.

You collected 183 gold pieces.


Innate Abilities, Weirdness & Mutations

You are immune to sickness and miasma.
Your stone body is resilient. (AC +4)
You are immune to poison.
You resist negative energy. (rN+)
You are resistant to electric shocks. (rElec)
You are resistant to unholy torment.
You are immune to petrification.


   Skills:
 - Level 4.0 Fighting
 + Level 5.3 Axes
 - Level 3.2 Armour
 - Level 1.0 Dodging
 - Level 3.2 Shields


You had 5 spell levels left.
You didn't know any spells.
Your spell library was empty.

Inventory:

Hand Weapons
 a - a +0 flail
 Y - a +0 war axe (weapon)
Armour
 b - a +0 scale mail (worn)
 c - a +0 buckler (worn)
 f - a +0 pair of boots (worn)
 j - a +0 cloak (worn)
 k - a +0 helmet (worn)
 m - a +0 pair of gloves (worn)
Jewellery
 o - an amulet of guardian spirit (around neck)
 q - an amulet of the acrobat
Scrolls
 g - a scroll of vulnerability {unknown}
 l - a scroll of identify
Potions
 d - a potion of might
 e - a potion of haste
 h - a potion of lignification
 i - 2 potions of curing

Dungeon Overview and Level Annotations

Branches:
Dungeon (4/15)
 Temple: D:4-7

Altars:
Okawaru
Sif Muna
Uskayaw
Wu Jian

Shops:
D:1 (


Message History

Enter note:
Enter note:
Enter note: You completely miss the gnoll bouda.
The gnoll bouda is lightly wounded.
You barely miss the gnoll. The gnoll hits you with a +0 spear.
The gnoll hits you from afar with a +0 halberd!
The gnoll bouda hits you but does no damage.
You block the gnoll's attack.
You hit the gnoll bouda.
The gnoll bouda is moderately wounded.
You hit the gnoll but do no damage.
The gnoll hits you from afar with a +0 halberd.
The gnoll bouda hits you but does no damage.
The gnoll closely misses you.
The gnoll hits you from afar with a +0 halberd.
Enter note:
Enter note:
Enter note:
Enter note: You slash the gnoll bouda!
The gnoll bouda is almost dead.
You barely miss the gnoll.
The gnoll bouda mumbles some strange prayers to its god.
The gnoll bouda is healed somewhat.
The gnoll hits you but does no damage.
The gnoll hits you from afar with a +0 halberd.
You barely miss the gnoll bouda.
The gnoll bouda is severely wounded.
You closely miss the gnoll.
The gnoll bouda hits you with a +0 club!
The gnoll hits you but does no damage. x2
You barely miss the gnoll bouda.
The gnoll bouda is severely wounded.
You closely miss the gnoll.
The gnoll bouda hits you with a +0 club.
The gnoll barely misses you.
The gnoll hits you from afar with a +0 halberd.
The gnoll bouda hits you with a +0 club!
You die...

.......#...........~¤~~~
......##...........~....
..)...##...###.....~.~~~
......##...#.#..##.¤.~..
.......#...........~.~._
............#......~.~..
...###......##.....~.~~~
...# #......##.....~S...
.... .....^.##..@..~~¤~~
...............gg.......
...........#.....g......
...........##......#....
......###.##.........#.
#......#### .......#
##.......


You could see a gnoll bouda, 2 gnolls and an adder.

Vanquished Creatures
  A scorpion (D:3)
  An orc priest (D:4)
  An orc wizard (D:3)
  Robin (D:2)
  2 gnolls (D:4)
  3 adders
  3 worms (D:2)
  3 dart slugs (D:1)
  9 orcs
  6 ball pythons
  5 bats
  9 endoplasms
  4 giant cockroaches (D:2)
  13 hobgoblins
  4 jackals (D:1)
  6 kobolds
  2 quokkas (D:2)
  3 frilled lizards
  7 goblins (D:2)
  5 rats
88 creatures vanquished.

Notes
Turn   | Place    | Note
-------+----------+-------------------------------------------
     0 | D:1      | qw the Gargoyle Fighter began the quest for the Orb.
     0 | D:1      | Reached XP level 1. HP: 14/14 MP: 1/1
     0 | D:1      | 0 ||| qw: Version: 0.2-a-99-gce666ed
     0 | D:1      | 0 ||| qw: Game counter: 177
     0 | D:1      | 0 ||| qw: Always use a shield: true
     0 | D:1      | 0 ||| qw: God list: Okawaru
     0 | D:1      | 0 ||| qw: Allow faded altars: false
     0 | D:1      | 0 ||| qw: Do Orc after D:15 true
     0 | D:1      | 0 ||| qw: Do second Lair branch before Depths: true
     0 | D:1      | 0 ||| qw: Lair rune preference: random
     0 | D:1      | 0 ||| qw: Plans: Normal, Zot:1-4, God:TSO, Crypt, Tomb,
                  | Pan, Slime:5, Hells, Abyss, Win
     0 | D:1      | 0 ||| PLANNING D:1-11
    28 | D:1      | Reached skill level 2 in Axes
   121 | D:1      | Reached XP level 2. HP: 19/19 MP: 2/2
   134 | D:1      | 134 ||| FLEEEEING.
   135 | D:1      | 135 ||| FLEEEEING.
   136 | D:1      | 136 ||| FLEEEEING.
   137 | D:1      | 137 ||| FLEEEEING.
   138 | D:1      | 138 ||| FLEEEEING.
   139 | D:1      | 139 ||| FLEEEEING.
   237 | D:1      | Reached skill level 3 in Axes
   242 | D:1      | Found Surchaw's Weapon Shop.
   252 | D:1      | 252 ||| SHOPLISTING +0 whip (32 gold, have 26).
   349 | D:1      | Reached XP level 3. HP: 23/23 MP: 3/3
   464 | D:1      | 464 ||| UPGRADING to +0 pair of boots.
   469 | D:1      | 469 ||| READING scroll labelled YSOYMESIOD.
   470 | D:1      | 470 ||| READING scroll labelled VIMORPHADEE.
   471 | D:1      | 471 ||| READING scroll labelled QAD IPEDEKY.
   515 | D:2      | Found a shimmering blue altar of Sif Muna.
   658 | D:2      | 658 ||| Stepping ~*~*~tactically~*~*~ (stealth).
   707 | D:2      | 707 ||| DROPPING +0 club.
   952 | D:2      | 952 ||| UPGRADING to +0 cloak.
   973 | D:2      | Noticed Robin
   974 | D:2      | 974 ||| Stepping ~*~*~tactically~*~*~ (hiding).
   992 | D:2      | Reached XP level 4. HP: 23/28 MP: 4/4
   999 | D:2      | Killed Robin
  1000 | D:2      | Reached skill level 4 in Axes
  1017 | D:2      | 1017 ||| UPGRADING to +0 helmet.
  1416 | D:2      | 1416 ||| READING 2 scrolls labelled VIOZOL UCIOTE.
  1417 | D:2      | 1417 ||| READING scroll labelled VICZUE YGHA.
  1418 | D:2      | 1418 ||| DRINKING 2 viscous blue potions.
  1492 | D:2      | 1492 ||| UPGRADING to +0 pair of gloves.
  1692 | D:2      | 1692 ||| DROPPING scroll of magic mapping.
  1805 | D:3      | 1805 ||| Stepping ~*~*~tactically~*~*~ (stealth).
  1851 | D:3      | Reached XP level 5. HP: 16/32 MP: 5/5
  1959 | D:3      | 1959 ||| Stepping ~*~*~tactically~*~*~ (hiding).
  2389 | D:3      | Found an ornate altar of the Wu Jian Council.
  2469 | D:3      | Reached skill level 5 in Axes
  2470 | D:3      | 2470 ||| UPGRADING to amulet of guardian spirit.
  2475 | D:3      | 2475 ||| READING scroll labelled NUFE FEORYETOU.
  2476 | D:3      | 2476 ||| DRINKING 2 fuming inky potions.
  2477 | D:3      | 2477 ||| READING 4 scrolls of identify.
  2477 | D:3      | 2477 ||| IDENTIFYING brown potion
  2478 | D:3      | 2478 ||| READING 3 scrolls of identify.
  2478 | D:3      | 2478 ||| IDENTIFYING cyan potion
  2479 | D:3      | 2479 ||| READING 2 scrolls of identify.
  2479 | D:3      | 2479 ||| IDENTIFYING bubbling black potion
  2480 | D:3      | 2480 ||| DROPPING potion of invisibility.
  2481 | D:3      | 2481 ||| DROPPING potion of berserk rage.
  2506 | D:4      | 2506 ||| PLANNING OSSUARY
  2507 | D:4      | 2507 ||| Stepping ~*~*~tactically~*~*~ (hiding).
  2508 | D:4      | 2508 ||| Stepping ~*~*~tactically~*~*~ (hiding).
  2509 | D:4      | 2509 ||| Stepping ~*~*~tactically~*~*~ (hiding).
  2510 | D:4      | 2510 ||| Stepping ~*~*~tactically~*~*~ (hiding).
  2534 | D:4      | Reached XP level 6. HP: 33/38 MP: 4/6
  2553 | D:4      | 2553 ||| DROPPING +0 whip.
  2561 | D:4      | 2561 ||| Stepping ~*~*~tactically~*~*~ (stealth).
  2591 | D:4      | HP: 9/38 [gnoll/+0 spear[a gnoll bouda] (3)]
  2592 | D:4      | 2592 ||| READING scroll of teleportation.
  2598 | D:4      | HP: 5/38 [frozen (4)]
  2733 | D:4      | Found a hide-covered altar of Uskayaw.
  2750 | D:4      | Reached skill level 1 in Dodging
  2775 | D:4      | Found an iron altar of Okawaru.
  2781 | D:4      | HP: 9/38 [gnoll bouda/+0 club (2)]
  2781 | D:4      | Slain by a gnoll bouda

Levels and vault maps discovered:
D:1:      minmay_arrival_up_and_down, layout_rooms, serial_shops, shop,
          minmay_misc_feat_secret_circle
D:2:      layout_basic, basic_altar, kennysheep_cluttered_room,
          minmay_worlds_worst_comb, uniq_robin
D:3:      layout_rooms, nicolae_wu_jian_immortal_techniques
D:4:      layout_cave_pools, mainiacjoe_overflow_concentric_impassable,
          mainiacjoe_overflow_small_starburst, chequers_ossuary_entry_cave

Skill      XL: |  1  2  3  4  5  6 |
---------------+-------------------+-----
Axes           | 2 3 4 5 |  5.3
Fighting       | 4 |  4.0
Dodging        | 1 |  1.0
Armour         | |  3.2
Shields        | |  3.2

Action                     |  1- 3 |  4- 6 || total
---------------------------+-------+-------++-------
  Melee: War axe           |   117 |   214 ||   331
    Use: Scroll            |     3 |     7 ||    10
         Potion            |       |     2 ||     2
 Armour: Scale mail        |    68 |   122 ||   190
         Skin              |       |     2 ||     2
  Dodge: Dodged            |    55 |    97 ||   152
  Block: Buckler           |    22 |    33 ||    55

Table legend:
 A = Non-vault XP
 B = Vault XP
 C = Vault XP percentage of total XP
 D = Non-vault monster count
 E = Vault monster count
 F = Vault count percentage of total count
                 A         B        C        D         E       F
            +---------+---------+-------+---------+---------+-------
      Total |     365 |      44 |  10.8 |      72 |      16 |  18.2
            +---------+---------+-------+---------+---------+-------
        D:1 |      34 |       0 |   0.0 |      16 |       0 |   0.0
        D:2 |      55 |      44 |  44.4 |      20 |      16 |  44.4
        D:3 |     153 |       0 |   0.0 |      20 |       0 |   0.0
        D:4 |     123 |       0 |   0.0 |      16 |       0 |   0.0
            +---------+---------+-------+---------+---------+-------
